 Dungeon Crawl Stone Soup version 0.29.0-4-gdea44cf6ec (webtiles) character file.

Game seed: 4183982471359406629

52 qw the Chopper (level 3, -5/21 HPs)
             Began as a Tengu Warper on Aug 28, 2022.
             Slain by a gnoll
             ... wielding a +0 flail
              (6 damage)
             ... on level 2 of the Dungeon.
             The game lasted 00:00:05 (892 turns).

qw the Chopper (Tengu Warper)                        Turns: 892, Time: 00:00:05

Health: -5/21      AC: 10    Str: 13    XL:     3   Next: 85%
Magic:  7/7        EV:  3    Int: 13    God:
Gold:   39         SH:  0    Dex: 13    Spells: 6/6 levels left

rFire   . . .      SeeInvis .   Y - +0 hand axe
rCold   . . .      Faith    .   (no shield)
rNeg    . . .      Spirit   .   i - +0 plate armour
rPois   .          Reflect  .   (helmet restricted)
rElec   .          Harm     .   (no cloak)
rCorr   .          Rampage  .   (no gloves)
Will    .....                   (boots unavailable)
Stlth   ..........              (no amulet)
HPRegen 0.07/turn               (no ring)
MPRegen 0.10/turn               (no ring)

@: no status effects
A: beak, talons 3
a: no special abilities


You were on level 2 of the Dungeon.
You visited 1 branch of the dungeon, and saw 2 of its levels.

You collected 39 gold pieces.


Innate Abilities, Weirdness & Mutations

You have a beak for a mouth.
You have claws for feet.


   Skills:
 - Level 2.0 Fighting
 + Level 4.0 Axes
 - Level 1.0 Throwing
 - Level 2.1 Armour
 - Level 2.1 Dodging
 - Level 2.0 Spellcasting
 - Level 2.4 Translocations


You had 6 spell levels left.
You didn't know any spells.
Your spell library contained the following spells:

 Spells                   Type           Power      Damage    Failure   Level
 Blink                    Tloc           14%        N/A       100%        2
 Gell's Gravitas          Tloc           7%         N/A       100%        3
 Lesser Beckoning         Tloc           7%         N/A       100%        3
 Teleport Other           Tloc           7%         N/A       100%        3
 Manifold Assault         Tloc           7%         N/A       100%        5

Inventory:

Hand Weapons
 Y - a +0 hand axe (weapon)
Armour
 i - a +0 plate armour (worn)
Scrolls
 a - a scroll of amnesia {unknown}
Potions
 b - a potion of berserk rage {unknown}
 e - a potion of magic {unknown}
 f - a potion of curing {unknown}
 g - a potion of lignification {unknown}
 k - a potion of attraction {unknown}

Dungeon Overview and Level Annotations

Branches:
Dungeon (2/15)

Altars:


Message History

You closely miss the gnoll. You claw the gnoll.
You kill the gnoll!
880 ||| FLEEEEING.
881 ||| FLEEEEING.
The gnoll throws a throwing net.
The throwing net hits you.
You become entangled in the net!
You see here a throwing net.
882 ||| FLEEEEING.
You struggle against the net.
883 ||| FLEEEEING.
You struggle against the net.
884 ||| FLEEEEING.
You struggle against the net.
You struggle against the net.
The gnoll hits you but does no damage.
You rip the net and break free!
The gnoll hits you but does no damage. x2
You closely miss the gnoll. You claw the gnoll.
The gnoll is moderately wounded.
You hit the gnoll but do no damage. The gnoll hits you with a +0 flail.
The gnoll hits you but does no damage.
You hit the gnoll. You claw the gnoll, but do no damage.
The gnoll is severely wounded.
You closely miss the gnoll. The gnoll hits you but does no damage.
The gnoll barely misses you.
You hit the gnoll but do no damage. Your kick misses the gnoll.
The gnoll is severely wounded.
You hit the gnoll. The gnoll hits you with a +0 flail.
The gnoll hits you but does no damage. x2
The gnoll hits you with a +0 flail!
You hit the gnoll but do no damage.
The gnoll is severely wounded.
You hit the gnoll.
The gnoll hits you but does no damage. x2
You hit the gnoll.
You kill the gnoll!
You barely miss the gnoll. The gnoll hits you but does no damage.
Your Armour skill increases to level 2!
You closely miss the gnoll. Your kick misses the gnoll.
The gnoll is moderately wounded.
The gnoll hits you with a +0 flail.
You die...

.. .. ######.... .##
######).)..)...
..###
##....@g.###...
###...###...###...#
##...#..... #...#
#.....<#..# ##...#
.......##.#####....#
...................#
.....<.##..##......#
#.....####....##...#
#.....# ###.....###


You could see a gnoll.

Vanquished Creatures
  2 gnolls (D:2)
  A dart slug (D:1)
  3 ball pythons (D:1)
  3 endoplasms
  A giant cockroach (D:2)
  3 goblins
  6 hobgoblins (D:1)
  2 kobolds (D:1)
  A quokka (D:1)
  3 bats (D:1)
  A frilled lizard (D:1)
  2 rats (D:1)
  A spectral hobgoblin (D:1)
29 creatures vanquished.

Notes
Turn   | Place    | Note
-------+----------+-------------------------------------------
     0 | D:1      | qw the Tengu Warper began the quest for the Orb.
     0 | D:1      | Reached XP level 1. HP: 12/12 MP: 4/4
     0 | D:1      | 0 ||| qw: Version: 0.1-a-89-g26bdef1
     0 | D:1      | 0 ||| qw: Game counter: 1299
     0 | D:1      | 0 ||| qw: Always use a shield: true
     0 | D:1      | 0 ||| qw: God list: Okawaru
     0 | D:1      | 0 ||| qw: Allow faded altars: false
     0 | D:1      | 0 ||| qw: Do Orc after D:15 true
     0 | D:1      | 0 ||| qw: Do second Lair branch before Depths: true
     0 | D:1      | 0 ||| qw: Lair rune preference: random
     0 | D:1      | 0 ||| qw: Plans: Normal
     0 | D:1      | 0 ||| PLANNING D:1-11
    37 | D:1      | 37 ||| Stepping ~*~*~tactically~*~*~ (hiding).
    86 | D:1      | Reached skill level 3 in Axes
    86 | D:1      | Reached XP level 2. HP: 17/17 MP: 6/6
   414 | D:1      | 414 ||| Stepping ~*~*~tactically~*~*~ (stealth).
   416 | D:1      | 416 ||| Stepping ~*~*~tactically~*~*~ (stealth).
   417 | D:1      | 417 ||| Stepping ~*~*~tactically~*~*~ (stealth).
   517 | D:1      | Found a faded altar of an unknown god.
   564 | D:1      | Reached XP level 3. HP: 21/21 MP: 7/7
   797 | D:1      | 797 ||| UPGRADING to +0 plate armour.
   807 | D:1      | 807 ||| DROPPING +0 leather armour.
   808 | D:1      | 808 ||| READING scroll labelled OLEOKHL DAURAJ.
   809 | D:1      | 809 ||| READING scroll labelled AMOT DUIVEA.
   810 | D:1      | 810 ||| READING scroll labelled HOYRUA QEZIH.
   811 | D:1      | 811 ||| DROPPING scroll of blinking.
   866 | D:2      | 866 ||| Stepping ~*~*~tactically~*~*~ (hiding).
   868 | D:2      | 868 ||| Stepping ~*~*~tactically~*~*~ (stealth).
   871 | D:2      | Reached skill level 4 in Axes
   875 | D:2      | 875 ||| Stepping ~*~*~tactically~*~*~ (stealth).
   880 | D:2      | 880 ||| FLEEEEING.
   881 | D:2      | 881 ||| FLEEEEING.
   882 | D:2      | 882 ||| FLEEEEING.
   883 | D:2      | 883 ||| FLEEEEING.
   884 | D:2      | 884 ||| FLEEEEING.
   889 | D:2      | HP: 1/21 [gnoll/+0 flail (7)]
   892 | D:2      | Slain by a gnoll

Levels and vault maps discovered:
D:1:      dpeg_arrival_tiny_d, layout_rooms,
          dreamdust_ecumenical_altar_drowned_temple
D:2:      layout_rooms, uniq_terence

Skill      XL: |  1  2  3 |
---------------+----------+-----
Axes           | 3 4 |  4.0
Armour         | 2 |  2.1
Fighting       | |  2.0
Throwing       | |  1.0
Dodging        | |  2.1
Spellcasting   | |  2.0
Translocations | |  2.4

Action                   || total
-------------------------++-------
Melee: Hand axe          ||    47
       Kick              ||     7
       Peck              ||     5
Throw: Boomerang         ||     7
  Use: Scroll            ||     3
Armor: Leather armour    ||     7
       Plate armour      ||    13
Dodge: Dodged            ||    18

Table legend:
 A = Non-vault XP
 B = Vault XP
 C = Vault XP percentage of total XP
 D = Non-vault monster count
 E = Vault monster count
 F = Vault count percentage of total count
                 A         B        C        D         E       F
            +---------+---------+-------+---------+---------+-------
      Total |      74 |       1 |   1.3 |      28 |       1 |   3.4
            +---------+---------+-------+---------+---------+-------
        D:1 |      40 |       1 |   2.4 |      23 |       1 |   4.2
        D:2 |      34 |       0 |   0.0 |       5 |       0 |   0.0
            +---------+---------+-------+---------+---------+-------
